 Dungeon Sprint DCSS version 0.23-a0-303-gfcac5de (webtiles) character file.

6505 Kidiri the Fighter (level 11, -1/108 HPs)
             Began as a Hill Orc Fighter on Oct 8, 2018.
             Was a High Priest of Beogh.
             Slain by Aizul (11 damage)
             ... in the Dungeon (Sprint VII: "The Pits").
             The game lasted 00:11:35 (1961 turns).

Kidiri the Fighter (Hill Orc Fighter)               Turns: 1961, Time: 00:11:35

Health: -1/108     AC: 20    Str: 26    XL:     11   Next: 0%
Magic:  11/19      EV: 13    Int:  8    God:    Beogh [*****.]
Gold:   0          SH: 13    Dex: 10    Spells: 10/10 levels left

rFire    . . .     SeeInvis .   a - +1 trident (pierce)
rCold    . . .     Gourm    .   c - +0 shield
rNeg     . . .     Faith    .   w - +5 ring mail
rPois    .         Spirit   .   u - +0 helmet
rElec    .         Reflect  .   r - +1 cloak
rCorr    .         Harm     .   (no gloves)
MR       .....     NoTele   +   (no boots)
Stlth    ..........             (no amulet)
HPRegen  0.28/turn              s - +3 ring of protection
MPRegen  0.16/turn              t - +3 ring of strength

@: lethally poisoned (-1 -> -46)
A: walk on water
a: Smiting, Recall Orcish Followers, Give Item to Named Follower, Renounce
Religion


You were in the Dungeon.
You worshipped Beogh.
Beogh was extremely pleased with you.
You were not hungry.

You visited 1 branch

Inventory:

Hand Weapons
 a - a +1 trident of piercing (weapon)
Armour
 c - a +0 shield (worn)
 r - a +1 cloak (worn)
 u - a +0 helmet (worn)
 w - a +5 ring mail (worn)
Jewellery
 s - a +3 ring of protection (left hand)
 t - a +3 ring of strength (right hand)
Scrolls
 k - a scroll of blinking
 m - 3 scrolls of remove curse
 n - 5 scrolls of amnesia
 o - a scroll of summoning
Potions
 d - 2 potions of might
 e - 7 potions of curing
 g - a potion of brilliance {unknown}
 h - 2 potions of haste
 i - 4 potions of magic
 j - 3 potions of berserk rage
 l - 2 potions of invisibility
 q - 8 potions of heal wounds
 v - 3 potions of mutation
Comestibles
 f - 8 rations


   Skills:
 * Level 13.9 Fighting
 * Level 12.7 Polearms
 * Level 12.9 Armour
 + Level 6.9 Dodging
 * Level 12.9 Shields
 + Level 10.6 Invocations


You had 10 spell levels left.
You didn't know any spells.
Your spell library was empty.

Dungeon Overview and Level Annotations

Branches:
Dungeon (1/1)

Altars:
Ashenzari
Cheibriados
Dithmenos
Elyvilon
Fedhas
Gozag
Hepliaklqana
Kikubaaqudgha
Makhleb
Nemelex Xobeh
Okawaru
Qazlal
Ru
Sif Muna
Trog
Uskayaw
Vehumet
Wu Jian
Xom
Yredelemnul
Zin
The Shining One
Beogh
Jiyva
Lugonu

Annotations:
D Aizul


Message History

Unknown command.
You hit Aizul but do no damage.
Aizul is heavily wounded.
You feel sick.
Aizul coils herself and waves her upper body at you.
The poison arrow hits you!
You are lethally poisoned!
* * * LOW HITPOINT WARNING * * *
You puncture Aizul!
Aizul is heavily wounded.
* * * LOW HITPOINT WARNING * * *
You feel very sick. Aizul hits you.
* * * LOW HITPOINT WARNING * * *
The minotaur is engulfed in blazing flames.
You hit Aizul but do no damage.
Aizul is heavily wounded.
* * * LOW HITPOINT WARNING * * *
You feel sick. Aizul hits you!
You die...

.####...#)######...##
.#..#####÷##.. ##'##
.#....##...#...#...#
.'.....#...#...#...#
.'..)..'...+.!RR...+
.'.....#...#..§#§(.#
.#....##...#.R #.H.#
.#..#####.##§ ##S##
.####...#+######@..##
.##.......)......#..##
.#..............###..#
################# ####


You could see Aizul and a minotaur.

Vanquished Creatures
  A death knight (D)
  An unseen horror (D)
  A lindwurm (D)
  A molten gargoyle (D)
  3 kobold demonologists (D)
  A demonic crawler (D)
  A red devil (D)
  Grinder (D)
  4 blink frogs (D)
  A redback (D)
  A flying skull (D)
  A spriggan (D)
  A wraith (D)
  A fire bat (D)
  3 yaks (D)
  A floating eye (D)
  A sky beast (D)
  A black bear (D)
  3 wolves (D)
  2 centaurs (D)
  A small abomination (D)
  A gnoll sergeant (D)
  A scorpion (D)
  5 killer bees (D)
  A hound (D)
  Crazy Yiuf (D)
  An adder (D)
  3 gnolls (D)
  A river rat (D)
  A white imp (D)
  An adder zombie (D)
  An adder skeleton (D)
  An orc (D)
  4 jackals (D)
  A kobold (D)
  2 bats (D)
  A frilled lizard (D)
  A rat (D)
58 creatures vanquished.

Vanquished Creatures (collateral kills)
  A blink frog (D)
  A yak (D)
  A killer bee (D)
  An orc priest (D)
  A kobold (D)
5 creatures vanquished.

Vanquished Creatures (others)
  A deep elf blademaster (D)
  A vampire knight (D)
  A deep elf annihilator (D)
  A death ooze (D)
  An eye of draining (D)
  4 orc priests (D)
9 creatures vanquished.

Grand Total: 72 creatures vanquished

Notes
Turn   | Place    | Note
-------+----------+-------------------------------------------
     0 | D        | Kidiri the Hill Orc Fighter began the quest for the Orb.
     0 | D        | Reached XP level 1. HP: 19/19 MP: 1/1
     6 | D        | Killed an eye of draining
     7 | D        | Killed a death ooze
     9 | D        | Killed a deep elf annihilator
    15 | D        | Killed a deep elf blademaster
    18 | D        | Killed a vampire knight
    42 | D        | Reached skill level 4 in Fighting
    80 | D        | Found a bloodstained altar of Trog.
    80 | D        | Found a deep blue altar of Sif Muna.
    80 | D        | Found a viscous altar of Jiyva.
    80 | D        | Found a hazy altar of Hepliaklqana.
    80 | D        | Found an opulent altar of Gozag.
    81 | D        | Found a glowing golden altar of the Shining One.
    81 | D        | Found a glowing silver altar of Zin.
    81 | D        | Found a basalt altar of Yredelemnul.
    81 | D        | Found a shimmering altar of Xom.
    81 | D        | Found an ornate altar of the Wu Jian Council.
    81 | D        | Found a sacrificial altar of Ru.
    81 | D        | Found a stormy altar of Qazlal.
    81 | D        | Found an iron altar of Okawaru.
    81 | D        | Found a sparkling altar of Nemelex Xobeh.
    81 | D        | Found a burning altar of Makhleb.
    81 | D        | Found a blossoming altar of Fedhas.
    81 | D        | Found a white marble altar of Elyvilon.
    81 | D        | Found a shadowy altar of Dithmenos.
    81 | D        | Found a snail-covered altar of Cheibriados.
    83 | D        | Found a radiant altar of Vehumet.
    83 | D        | Found a corrupted altar of Lugonu.
    83 | D        | Found a roughly hewn altar of Beogh.
    84 | D        | Found a hide-covered altar of Uskayaw.
    84 | D        | Found an ancient bone altar of Kikubaaqudgha.
    84 | D        | Found a shattered altar of Ashenzari.
    95 | D        | Became a worshipper of Beogh the Brigand
   184 | D        | Reached * piety under Beogh
   184 | D        | Reached XP level 2. HP: 27/27 MP: 2/2
   201 | D        | Noticed a floating eye
   202 | D        | Reached skill level 1 in Dodging
   202 | D        | Reached skill level 1 in Invocations
   203 | D        | Paralysed by a floating eye for 3 turns
   209 | D        | Killed a floating eye
   209 | D        | Reached ** piety under Beogh
   209 | D        | Reached skill level 6 in Fighting
   209 | D        | Reached skill level 5 in Polearms
   209 | D        | Reached skill level 5 in Armour
   209 | D        | Reached skill level 5 in Shields
   209 | D        | Reached XP level 3. HP: 37/37 MP: 2/5
   209 | D        | Reached XP level 4. HP: 44/44 MP: 2/6
   209 | D        | Reached XP level 5. HP: 50/50 MP: 2/7
   213 | D        | Noticed Grinder
   216 | D        | Paralysed by Grinder for 4 turns
   229 | D        | Killed Grinder
   229 | D        | Reached skill level 8 in Fighting
   229 | D        | Reached skill level 5 in Invocations
   229 | D        | Reached XP level 6. HP: 42/61 MP: 4/9
   325 | D        | Noticed Crazy Yiuf
   334 | D        | Killed Crazy Yiuf
   339 | D        | Reached *** piety under Beogh
   349 | D        | Noticed a sky beast
   350 | D        | Noticed a fire bat
   357 | D        | Killed a fire bat
   357 | D        | Reached XP level 7. HP: 56/69 MP: 9/11
   365 | D        | Reached skill level 9 in Fighting
   537 | D        | Reached **** piety under Beogh
   575 | D        | Reached ***** piety under Beogh
   588 | D        | Noticed a demonic crawler
   601 | D        | Reached XP level 8. HP: 69/79 MP: 3/13
   608 | D        | Reached skill level 10 in Fighting
   610 | D        | Killed a demonic crawler
   872 | D        | Reached skill level 10 in Armour
   872 | D        | Reached skill level 10 in Shields
   882 | D        | Reached ****** piety under Beogh
   883 | D        | Reached skill level 11 in Fighting
   883 | D        | Reached skill level 5 in Dodging
   888 | D        | Gained Ognian as an ally
   888 | D        | Reached XP level 9. HP: 39/89 MP: 13/15
  1124 | D        | Noticed a death knight
  1130 | D        | Reached skill level 10 in Polearms
  1143 | D        | Killed a death knight
  1143 | D        | Reached skill level 12 in Fighting
  1388 | D        | Noticed a kobold demonologist
  1388 | D        | Noticed a kobold demonologist
  1390 | D        | Noticed a kobold demonologist
  1403 | D        | Killed a kobold demonologist
  1408 | D        | Noticed a red devil
  1409 | D        | Reached XP level 10. HP: 91/99 MP: 12/17
  1411 | D        | Noticed a sixfirhy
  1411 | D        | Killed a kobold demonologist
  1476 | D        | Killed a kobold demonologist
  1476 | D        | Reached skill level 13 in Fighting
  1484 | D        | Noticed a molten gargoyle
  1490 | D        | Killed a molten gargoyle
  1490 | D        | Reached skill level 10 in Invocations
  1490 | D        | Gained Arbeogh as an ally
  1497 | D        | Your ally Arbeogh died
  1510 | D        | Your ally Ognian died
  1563 | D        | Noticed a lindwurm
  1570 | D        | Killed a lindwurm
  1864 | D        | Killed an unseen horror
  1864 | D        | Reached XP level 11. HP: 85/108 MP: 13/19
  1946 | D        | Noticed a cyclops
  1946 | D        | Noticed Aizul
  1949 | D        | Noticed a minotaur
  1952 | D        | Your ally Ognian died
  1961 | D        | Slain by Aizul

Vault maps used:
D:        pitsprint

Skill      XL: |  1  2  3  4  5  6  7  8  9 10 |
---------------+-------------------------------+-----
Fighting       | 4 6 8 9 11 12 13 | 13.9
Polearms       | 5 6 7 8 9 11 12 | 12.7
Armour         | 5 7 8 9 10 11 12 | 12.9
Dodging        | 2 3 4 5 6 |  6.9
Shields        | 5 7 8 9 10 11 12 | 12.9
Invocations    | 3 5 6 8 9 10 | 10.6

Action                   |  1- 3 |  4- 6 |  7- 9 | 10-12 || total
-------------------------+-------+-------+-------+-------++-------
Melee: Trident           |    44 |    29 |   135 |    85 ||   293
Invok: Smiting           |       |       |     9 |    12 ||    21
       Resurrection      |       |       |     1 |     1 ||     2
  Use: Potion            |       |     1 |     2 |       ||     3
  Eat: Ration            |       |       |     1 |       ||     1
Armor: Scale mail        |    16 |     6 |    29 |       ||    51
       Ring mail         |       |       |    29 |    33 ||    62
Dodge: Dodged            |    20 |     3 |    57 |    29 ||   109
Block: Shield            |    23 |    14 |   104 |    48 ||   189

Table legend:
 A = Non-vault XP
 B = Vault XP
 C = Vault XP percentage of total XP
 D = Non-vault monster count
 E = Vault monster count
 F = Vault count percentage of total count
                 A         B        C        D         E       F
            +---------+---------+-------+---------+---------+-------
      Total |       0 |    9294 | 100.0 |       0 |      63 | 100.0
            +---------+---------+-------+---------+---------+-------
          D |       0 |    9294 | 100.0 |       0 |      63 | 100.0
            +---------+---------+-------+---------+---------+-------
